Map: Acropolis LE

Players

tambykojak - Winner!

  • Race: Protoss Protoss
  • League: Master
  • Spawn Location: 11:00

RebelCincy

  • Race: Terran Terran
  • League: Master
  • Spawn Location: 5:00

VOD

Have the link to the VOD?

Description

Time

  • Played on: Nov. 25, 2019, 5 p.m.
  • Length: 18:49
Show
View Real Time Build Order
Export as new Build Order

tambykojak Protoss - Winner!

Build Orders: Zealot Archon 

Get SALT Encoding   

  12  0:00  Probe  
  13  0:13  Probe  
  14  0:26  Probe  
  15  0:33  Pylon  
  15  0:51  Probe (Chrono Boost)  
  15  0:52  Gateway  
  16  0:58  Assimilator  
  16  1:03  Probe (Chrono Boost)  
  17  1:06  Pylon  
  17  1:07  Probe (Chrono Boost)  
  18  1:14  Assimilator  
  18  1:18  Probe  
  19  1:30  Probe  
  20  1:37  Zealot (Chrono Boost)  
  22  1:42  Cybernetics Core  
  22  1:43  Probe  
  23  1:47  Pylon  
  23  1:56  Probe, Zealot (Chrono Boost)  
  26  2:20  Stalker (Chrono Boost)  
  28  2:36  Probe  
  29  2:45  Nexus  
  29  2:46  Stalker (Chrono Boost)  
  29  2:50  Probe  
  32  3:11  Probe  
  33  3:14  Stalker (Chrono Boost)  
  35  3:23  Probe  
  36  3:29  Robotics Facility  
  36  3:32  Twilight Council  
  36  3:35  Warp Gate (Chrono Boost), Probe  
  37  3:48  Probe (Chrono Boost), Gateway  
  38  3:57  Probe (Chrono Boost)  
  40  4:05  Probe (Chrono Boost)  
  40  4:07  Probe (Chrono Boost), Gateway  
  41  4:12  Probe x2 (Chrono Boost)  
  41  4:14  Charge (Chrono Boost)  
  44  4:17  Observer (Chrono Boost)  
  44  4:22  Pylon  
  44  4:23  Probe  
  45  4:24  Probe  
  46  4:35  Observer, Probe  
  46  4:38  Gateway  
  48  4:39  Gateway  
  48  4:42  Probe  
  49  4:47  Probe  
  50  4:57  Probe  
  52  5:00  Probe  
  52  5:12  Observer  
  50  5:23  Zealot x3  
  50  5:26  Immortal  
  60  5:29  Assimilator  
  60  5:30  Assimilator  
  60  5:34  Shield Battery  
  60  5:36  Pylon  
  60  5:56  Pylon, Gateway x2  
  60  5:57  Pylon x2  
  60  5:58  Pylon, Gateway  
  60  6:03  Gateway  
  60  6:11  Templar Archives  
  60  6:15  Observer  
  59  6:18  Zealot x3  
  59  6:19  Zealot  
  67  6:40  Nexus  
  67  6:45  Probe x2 (Chrono Boost)  
  69  6:54  Forge  
  67  6:55  Forge  
  67  6:56  High Templar x3, Probe (Chrono Boost)  
  67  6:57  High Templar  
  76  7:02  Archon x2  
  67  7:14  Stalker x2  
  71  7:16  Stalker  
  55  7:33  Stalker x3  
  55  7:37  Observer (Chrono Boost)  
  62  7:39  Protoss Ground Armor Level 1 (Chrono Boost), Protoss Ground Weapons Level 1 (Chrono Boost)  
  62  7:42  Probe x2  
  64  7:57  Probe x2 (Chrono Boost)  
  67  8:02  Probe (Chrono Boost)  
  67  8:07  Probe x2 (Chrono Boost)  
  67  8:11  Probe (Chrono Boost)  
  67  8:12  Probe x2 (Chrono Boost)  
  70  8:13  Psionic Storm  
  70  8:16  Blink  
  70  8:18  High Templar  
  74  8:21  Probe  
  74  8:23  Probe  
  76  8:28  High Templar  
  76  8:29  Zealot  
  76  8:30  Zealot  
  76  8:32  Probe  
  76  8:33  Probe  
  84  8:35  Probe  
  85  8:53  Probe x3  
  88  8:58  Assimilator  
  88  8:59  Assimilator  
  88  9:02  Pylon  
  88  9:03  Pylon  
  88  9:05  Probe  
  88  9:06  High Templar x2  
  93  9:11  Probe x2  
  95  9:17  Probe  
  95  9:21  Zealot x5  
  95  9:22  Zealot  
  108  9:26  Probe x2  
  108  9:30  Probe  
  111  9:46  Nexus  
  99  10:17  Archon  
  99  10:20  Protoss Ground Weapons Level 2 (Chrono Boost), Protoss Ground Armor Level 2 (Chrono Boost)  
  87  10:25  Zealot x8  
  85  10:34  Immortal (Chrono Boost)  
  81  10:36  Pylon  
  83  10:52  High Templar x7  
  83  10:53  High Templar  
  99  11:01  Probe x2  
  99  11:02  Probe x2  
  103  11:08  Robotics Bay  
  103  11:10  Immortal (Chrono Boost)  
  103  11:13  Probe  
  108  11:25  Assimilator  
  108  11:27  Pylon  
  108  11:28  Assimilator, Zealot x8  
  108  11:29  Pylon  
  124  11:56  Disruptor  
  124  12:01  Zealot x8  
  143  12:07  Gateway  
  143  12:08  Gateway  
  143  12:09  Probe  
  144  12:23  High Templar x4  
  144  12:24  High Templar x4  
  144  12:27  Archon x3  
  144  12:29  Archon  
  160  12:43  Robotics Facility  
  160  12:47  Robotics Facility  
  160  13:03  Colossus  
  154  13:36  Stargate  
  154  13:37  Stargate  
  154  13:38  Stargate  
  154  13:47  Stargate x2  
  142  14:28  Protoss Ground Weapons Level 3, Protoss Ground Armor Level 3  
  142  14:31  Void Ray x4  
  142  14:32  Void Ray  
  142  14:37  Cybernetics Core  
  162  14:43  Protoss Air Weapons Level 1 (Chrono Boost)  
  152  14:48  Colossus x2  
  152  14:49  Nexus  
  152  14:52  Pylon  
  164  14:53  Assimilator x2, Pylon  
  164  15:05  Observer  
  164  15:09  Colossus  
  170  15:18  Zealot x4  
  170  15:19  Zealot x2  
  180  15:32  Protoss Air Armor Level 1 (Chrono Boost)  
  180  15:43  Extended Thermal Lance (Chrono Boost)  
  180  16:00  Void Ray x3  
  180  16:01  Void Ray  
  192  16:10  Void Ray  
  126  16:23  Colossus x3  
  126  16:25  Zealot x10  
  130  16:44  Void Ray  
  134  16:48  Stalker x8  
  134  16:53  Void Ray  
  154  16:56  Phoenix  
  154  16:57  Phoenix  
  158  17:15  Stalker x2  
  158  17:16  Stalker  
  158  17:17  Zealot x7  
  158  17:20  Fleet Beacon  
  176  17:45  High Templar x3  
  144  18:26  High Templar x6  
  146  18:27  Zealot x4  
  146  18:32  Archon  
  146  18:33  Archon x2  
Show
View Real Time Build Order
Export as new Build Order

RebelCincy Terran 

Build Orders: Reaper Expand 

Get SALT Encoding   

  12  0:01  SCV  
  13  0:13  SCV  
  14  0:17  Supply Depot  
  14  0:25  SCV  
  15  0:38  SCV  
  15  0:40  Barracks  
  16  0:46  Refinery  
  16  0:51  SCV  
  17  1:03  SCV  
  18  1:15  SCV  
  19  1:28  Orbital Command  
  19  1:29  Reaper  
  20  1:40  Command Center  
  20  1:59  SCV  
  21  2:01  Barracks  
  21  2:14  Marine  
  21  2:15  Bunker  
  22  2:17  Supply Depot  
  22  2:36  Marine  
  23  2:40  SCV  
  24  2:47  Refinery  
  24  2:57  Marine  
  22  3:12  SCV  
  22  3:13  Barracks Tech Lab  
  21  3:27  Barracks Reactor  
  21  3:28  SCV  
  21  3:32  Factory  
  21  3:34  Stimpack  
  22  3:36  Marine  
  22  3:40  SCV  
  24  3:41  Orbital Command  
  24  3:53  SCV  
  24  3:54  Marine  
  26  4:01  Barracks  
  26  4:03  Marine x2  
  26  4:07  SCV  
  29  4:12  Marine, SCV  
  29  4:16  Starport, Factory Reactor  
  31  4:21  SCV  
  31  4:23  Marine x2  
  34  4:27  Engineering Bay, SCV  
  34  4:30  Marine  
  36  4:33  SCV  
  37  4:42  Marine x2  
  39  4:56  Orbital Command  
  39  4:57  Marine x2  
  41  5:00  Marine, Widow Mine x2  
  41  5:05  Supply Depot  
  46  5:16  Combat Shield  
  46  5:17  Barracks Tech Lab  
  46  5:19  Marine  
  46  5:27  Marine, Medivac  
  46  5:28  SCV  
  50  5:34  Supply Depot  
  50  5:40  Missile Turret  
  50  5:42  SCV x2  
  54  5:43  Widow Mine  
  54  5:49  Concussive Shells  
  54  5:53  Supply Depot  
  54  5:55  Marine  
  54  5:56  Marauder x2, Widow Mine  
  61  6:00  SCV  
  62  6:12  Supply Depot  
  63  6:25  SCV x2  
  63  6:26  Marauder  
  63  6:27  Marauder, Marine x2  
  63  6:31  Starport Reactor  
  70  6:36  Command Center  
  70  6:37  Terran Infantry Weapons Level 1  
  70  6:39  SCV  
  71  6:41  SCV  
  72  6:51  SCV  
  72  6:53  SCV  
  72  6:54  Refinery  
  74  7:12  Marauder x2  
  78  7:22  Marine x2  
  56  7:33  Marine  
  56  7:34  Marauder, Widow Mine x2  
  56  7:36  Medivac x2  
  62  7:37  SCV x2  
  62  7:40  Marine  
  64  7:45  Marine  
  64  7:48  Orbital Command  
  64  7:50  Barracks x2  
  65  7:53  SCV x2  
  67  8:04  Missile Turret  
  67  8:05  Ghost Academy  
  67  8:08  SCV x2  
  67  8:10  Marauder, Marine  
  67  8:11  Marauder, Marine  
  75  8:15  Orbital Command  
  75  8:18  Refinery  
  75  8:23  Widow Mine x2, Medivac x2  
  75  8:26  Supply Depot  
  83  8:29  Marine  
  83  8:30  SCV x2  
  83  8:32  Terran Infantry Armor Level 1  
  83  8:33  Supply Depot  
  86  8:37  Engineering Bay, Armory  
  85  8:41  SCV  
  85  8:44  Barracks Tech Lab, Barracks Reactor  
  86  8:53  SCV  
  86  8:54  Refinery  
  87  8:58  Marine x4  
  87  9:01  Missile Turret, SCV x2  
  87  9:02  Missile Turret  
  93  9:05  SCV  
  94  9:10  Supply Depot  
  94  9:16  Marine x2  
  96  9:18  Ghost x2  
  96  9:21  Marine x2  
  96  9:23  Ghost  
  104  9:26  SCV x3  
  107  9:40  Widow Mine x2, Medivac  
  113  9:47  Refinery  
  90  10:25  Marine, Marauder x2  
  90  10:26  Marauder  
  89  10:30  Marine  
  85  10:37  Marine x2  
  85  10:38  Terran Infantry Weapons Level 2  
  85  10:39  Enhanced Shockwaves, Terran Infantry Armor Level 2  
  85  10:41  SCV x3  
  90  10:47  Marauder x3  
  96  10:54  Marine x2, Barracks  
  96  10:55  Command Center, Barracks  
  96  10:56  SCV  
  96  10:57  SCV x2  
  101  11:02  Marine  
  101  11:03  Marine  
  105  11:04  Widow Mine x2, Medivac  
  109  11:15  Starport  
  109  11:18  Starport  
  109  11:25  Supply Depot  
  109  11:26  Supply Depot  
  109  11:28  Medivac, Supply Depot, SCV x3  
  109  11:29  Marauder  
  116  11:33  Marine  
  117  11:46  Marine x4  
  117  11:47  Marauder, SCV  
  124  11:57  Starport Tech Lab  
  124  11:58  Fusion Core  
  124  11:59  Barracks Tech Lab  
  124  12:00  Barracks Tech Lab  
  124  12:06  Ghost  
  124  12:07  Marine x4  
  130  12:10  Liberator x2  
  130  12:12  Liberator  
  130  12:14  Planetary Fortress  
  130  12:28  Missile Turret x2  
  139  12:34  Refinery  
  139  12:36  SCV x2  
  139  12:37  Refinery  
  141  12:47  Advanced Ballistics  
  141  12:51  Marine x5  
  146  12:58  Refinery  
  146  13:00  Supply Depot, Terran Infantry Weapons Level 3  
  146  13:01  Marine x2  
  146  13:02  Marine x2  
  149  13:08  Liberator  
  149  13:11  Liberator  
  141  13:34  Marine x3  
  144  13:47  Liberator x2  
  144  13:48  SCV x3  
  147  13:49  Orbital Command  
  147  13:54  Sensor Tower  
  139  14:09  Liberator  
  144  14:30  Supply Depot  
  147  14:31  Missile Turret  
  147  14:33  Missile Turret  
  146  14:50  SCV x2  
  146  14:51  SCV x2  
  150  14:54  Refinery  
  150  15:02  Liberator x2  
  150  15:20  Marauder x3, Marine x2  
  150  15:21  Marauder  
  166  15:22  SCV x2  
  168  15:32  Supply Depot  
  168  15:36  Marine, Marauder  
  168  15:39  Terran Infantry Armor Level 3  
  168  15:40  Terran Ship Weapons Level 1  
  168  15:41  Marauder, Supply Depot  
  168  15:42  Marauder  
  108  16:22  Liberator x2  
  90  16:29  Marauder, Marine  
  90  16:30  Marauder x3, Marine x2  
  96  16:37  Marine, Marauder  
  96  16:39  Medivac x2  
  109  16:47  Marine, Liberator  
  109  16:51  Marauder x4, Marine x2  
  109  16:53  Supply Depot  
  120  16:57  Command Center  
  120  16:58  Marauder  
  119  17:01  Marine  
  119  17:05  Marine  
  124  17:09  Marine x2, SCV  
  124  17:12  Marine x2, Marauder x2  
  133  17:19  Marine x2  
  135  17:29  Ghost  
  133  17:30  Ghost  
  133  17:33  Ghost  
  96  18:03  Marauder  
  96  18:04  Marauder x2  
  76  18:09  Marauder  
  63  18:22  Marauder, Marine x4  
  63  18:25  Marauder x3  
  72  18:30  Marine  
  73  18:35  Command Center  
Tags
 
Add a new tag
Caveats
  • Supply blocks, unpowered buildings, or Contaminate may cause inaccurate times.
  • Supply counts are checked every 10 seconds.